 Dungeon Crawl Stone Soup version 0.30.1-10-g1249ef9ec4 (webtiles) character file.

Game seed: 1342944365337499598

12191 eliilek the Basher (level 11, -22/106 HPs)
             Began as a Minotaur Fighter on Oct 22, 2023.
             Was a Priest of Trog.
             Engulfed by a fire crab's flame (29 damage)
             ... on level 1 of the Lair of Beasts on Oct 26, 2023.
             The game lasted 00:29:49 (11406 turns).

eliilek the Basher (Minotaur Fighter)              Turns: 11406, Time: 00:29:49

Health: -22/106    AC: 17    Str: 22    XL:     11   Next: 59%
Magic:  10/10      EV: 12    Int:  5    God:    Trog [***...]
Gold:   691        SH:  5    Dex: 13    Spells: 10/10 levels left

rFire   . . .        a - +4 flail
rCold   . . .        c - +0 buckler
rNeg    . . .        Q - +0 plate armour
rPois   .            R - +2 hat
rElec   .            (no cloak)
rCorr   .            e - +0 pair of gloves
SInv    .            q - +0 pair of boots
Will    +....        (no amulet) Stlth
                     J - +5 ring of evasion
HPRegen 0.37/turn    x - ring of willpower
MPRegen 0.12/turn

%: no passive effects
@: no status effects
A: horns 2, retaliatory headbutt
a: Renounce Religion, Berserk, Trog's Hand


You were on level 1 of the Lair of Beasts.
You worshipped Trog.
Trog was most pleased with you.
You visited 2 branches of the dungeon, and saw 11 of its levels.

You collected 691 gold pieces.

Inventory:

Hand Weapons
 a - a +4 flail (weapon)
 b - the +0 sling "Myett" {flame, rF++}
   (You found it on level 3 of the Dungeon)

   rF:        It greatly protects you from fire.
Missiles
 d - 2 throwing nets
 N - 19 poisoned darts
Armour
 c - a +0 buckler (worn)
 e - a +0 pair of gloves (worn)
 q - a +0 pair of boots (worn)
 Q - a +0 plate armour (worn)
 R - a +2 hat (worn)
Jewellery
 p - a ring of positive energy
 x - a ring of willpower (right hand)
 J - a +5 ring of evasion (left hand)
 P - a ring of protection from fire
Wands
 k - a wand of mindburst (26)
 l - a wand of roots (21)
 s - a wand of digging (6)
 A - a wand of charming (5)
 L - a wand of flame (22)
Scrolls
 f - 2 scrolls of summoning {unknown}
 g - 2 scrolls of noise {unknown}
 h - 4 scrolls of enchant armour {unknown}
 i - 3 scrolls of enchant weapon {unknown}
 n - 10 scrolls of teleportation
 o - 7 scrolls of fog {unknown}
 u - 4 scrolls of fear {unknown}
 v - a scroll of amnesia {unknown}
 y - 2 scrolls of immolation {unknown}
 z - 5 scrolls of silence {unknown}
 B - 2 scrolls of vulnerability {unknown}
 C - a scroll of magic mapping {unknown}
 E - 4 scrolls of poison {unknown}
 G - 2 scrolls of acquirement {unknown}
 K - 2 scrolls of blinking {unknown}
 M - a scroll of torment {unknown}
 O - 3 scrolls of identify
Potions
 j - a potion of cancellation
 m - 4 potions of heal wounds
 r - 2 potions of lignification
 t - a potion of flight
 w - 4 potions of curing
 D - a potion of berserk rage {unknown}
 F - a potion of resistance
 H - a potion of haste {unknown}
 I - a potion of mutation
 S - a potion of invisibility {unknown}


   Skills:
 + Level 12.8 Fighting
 - Level 14.0 Maces & Flails
 - Level 8.0 Ranged Weapons
 * Level 6.6 Armour
 + Level 3.2 Dodging
 * Level 6.5 Shields


You had 10 spell levels left.
You didn't know any spells.
Your spell library contained the following spells:

 Spells                   Type           Power      Damage    Failure   Level
 Ensorcelled Hibernation  Hex/Ice        0%         N/A       100%        2
 Ignite Poison            Fire/Tmut/Pois 0%         N/A       100%        3
 Spider Form              Tmut/Pois      0%         N/A       100%        3
 Anguish                  Hex/Necr       0%         N/A       100%        4
 Sticky Flame             Conj/Fire      0%         2d3       100%        4
 Summon Forest            Summ/Tloc      0%         N/A       100%        5
 Summon Mana Viper        Hex/Summ       0%         N/A       100%        5
 Summon Cactus Giant      Summ           0%         N/A       100%        6
 Ignition                 Fire           0%         3d3       100%        8


Dungeon Overview and Level Annotations

Branches:
Dungeon (10/15)            Temple (0/1) D:4            Lair (1/5) D:10
    Orc (0/2) D:9

Altars:
Ashenzari
Cheibriados
Dithmenos
Elyvilon
Fedhas
Hepliaklqana
Makhleb
Okawaru
Trog
Vehumet
Wu Jian
Xom

Shops:
D:5 =(


Innate Abilities, Weirdness & Mutations

You have a pair of horns on your head.
You reflexively headbutt those who attack you in melee.


Message History

The torpor snail is lightly wounded.
You feel very sick.
You bludgeon the torpor snail!! You headbutt the torpor snail!
The torpor snail is heavily wounded.
You feel very sick. The torpor snail closely misses you.
You sock the torpor snail!
You headbutt the torpor snail, but do no damage.
The torpor snail is severely wounded.
You feel very sick. The torpor snail bites you!
You completely miss the torpor snail.
The torpor snail is severely wounded.
You feel sick. The torpor snail bites you.
* * * LOW HITPOINT WARNING * * *
You hit the torpor snail but do no damage.
You headbutt the torpor snail, but do no damage.
The torpor snail is severely wounded.
You feel sick. The torpor snail bites you!
* * * LOW HITPOINT WARNING * * *
You sock the torpor snail!
You kill the torpor snail!
Trog accepts your kill.
You feel yourself speed up.
You feel sick.
Unknown command.
You start resting.
You feel sick. x4
You are no longer poisoned.
You start resting.
A fire crab comes into view.
The fire crab breathes flames at you.
The blast of flame engulfs you but does no damage.
You are engulfed in blazing flames.
* * * LOW HITPOINT WARNING * * *
You are engulfed in blazing flames.
* * * LOW HITPOINT WARNING * * *
The fire crab breathes flames at you.
The blast of flame engulfs the fungus!
The fungus begins to die.
You are engulfed in blazing flames.
You die...

≈~~~..≈~~ ##......[.... ~t......
#............ †...# ###....#.###.
††###### #....#.#### .......##
###.......... ≈.......##
##......##.... ≈≈..t....##
########.##....##....
≈~...○....###○○○##.##............
≈~÷...°...#.○○P○@.....+....####.#
...#.#..###°○°#○#+.####..>.####.#
.........t☼...○○○................
.................................
........)........................
.................................
.......>.........................
...##.#P.#................#.#.###
..+.......#......^........#.#.#P#


You could see a fire crab.

Vanquished Creatures
  A hydra (Lair:1)
  4 two-headed ogres
  Erica (D:9)
  An elephant (D:10)
  The ghost of SirLogeyBear the Cleaver, a novice HOBe of Trog (D:5)
  3 black mambas (Lair:1)
  A cane toad (Lair:1)
  A torpor snail (Lair:1)
  Grinder (D:6)
  Sigmund (D:6)
  A shadow (D:10)
  A wyvern (D:10)
  3 steam dragons
  A basilisk (D:10)
  An acid dragon (D:9)
  3 water moccasins (Lair:1)
  3 orc warriors
  2 ice beasts
  2 sky beasts (D:7)
  2 black bears
  An ogre (D:5)
  4 centaurs
  6 wolves
  A phantom (D:5)
  A kobold brigand (D:7)
  2 bullfrogs
  7 scorpions
  11 wights
  16 killer bees
  An electric eel (Lair:1)
  3 howler monkeys
  A crimson imp (D:7)
  5 orc priests
  6 hounds
  3 jellies
  A gnoll bouda (D:8)
  3 iguanas
  Ijyb (D:4)
  2 sleepcaps (D:6)
  Natasha (twice) (D:3)
  6 orc wizards
  5 gnolls (D:8)
  6 adders
  A shadow imp (D:7)
  A white imp (D:8)
  3 ufetubi
  2 worms
  3 dart slugs
  38 orcs
  11 ball pythons
  6 endoplasms
  4 giant cockroaches
  5 goblins
  4 hobgoblins
  A jackal (D:3)
  5 quokkas
  4 bats
  3 frilled lizards
  6 kobolds
  4 rats
229 creatures vanquished.

Notes
Turn   | Place    | Note
-------+----------+-------------------------------------------
     0 | D:1      | eliilek the Minotaur Fighter began the quest for the Orb.
     0 | D:1      | Reached XP level 1. HP: 19/19 MP: 0/0
   271 | D:1      | Reached skill level 3 in Maces & Flails
   305 | D:1      | Reached XP level 2. HP: 25/27 MP: 1/1
   817 | D:2      | Found a faded altar of an unknown god.
   884 | D:2      | You fall into a shaft and drop 1 floor!
   884 | D:3      | Found an ornate altar of the Wu Jian Council.
   910 | D:3      | Identified the +0 sling "Myett" {flame, rF++}
   928 | D:3      | Found a hazy altar of Hepliaklqana.
  1162 | D:2      | Reached XP level 3. HP: 33/33 MP: 2/2
  1602 | D:3      | Reached skill level 4 in Maces & Flails
  1602 | D:3      | Reached skill level 1 in Ranged Weapons
  1672 | D:3      | Found a broken altar of Ashenzari.
  1678 | D:3      | Noticed Natasha
  1684 | D:3      | Killed Natasha
  1685 | D:3      | Reached XP level 4. HP: 35/41 MP: 3/3
  1732 | D:3      | Noticed Natasha
  1736 | D:3      | Killed Natasha
  1902 | D:3      | Reached XP level 5. HP: 23/47 MP: 4/4
  2050 | D:3      | Reached skill level 5 in Maces & Flails
  2193 | D:3      | Found Huihe's Magic Scroll Boutique.
  2586 | D:3      | Found a bloodstained altar of Trog.
  2594 | D:3      | Became a worshipper of Trog the Wrathful
  2794 | D:4      | Noticed Ijyb
  2808 | D:4      | Killed Ijyb
  2939 | D:4      | Found a staircase to the Ecumenical Temple.
  2989 | D:4      | Reached skill level 5 in Fighting
  3006 | D:4      | Reached XP level 6. HP: 51/56 MP: 5/5
  3466 | D:5      | Entered Level 5 of the Dungeon
  3472 | D:5      | Found Gofeet's Jewellery Shop.
  3587 | D:5      | Reached skill level 6 in Maces & Flails
  3679 | D:5      | Found a white marble altar of Elyvilon.
  3707 | D:5      | Reached XP level 7. HP: 41/61 MP: 6/6
  3710 | D:5      | Reached * piety under Trog
  3809 | D:5      | Identified the ring of Orthodoxy {rElec rN+ Will- rCorr
                  | Dex+7}
  3993 | D:5      | Found an iron altar of Okawaru.
  4017 | D:5      | Reached skill level 5 in Ranged Weapons
  4058 | D:5      | Found Winelyiti's Weapon Shop.
  4110 | D:5      | Reached skill level 7 in Maces & Flails
  4195 | D:5      | Found a runed translucent door.
  4406 | D:5      | Noticed SirLogeyBear's ghost (novice HOBe)
  4425 | D:5      | Killed SirLogeyBear's ghost
  4426 | D:5      | Reached skill level 8 in Maces & Flails
  4426 | D:5      | Reached XP level 8. HP: 61/71 MP: 7/7
  4489 | D:6      | Noticed Sigmund
  4494 | D:6      | Noticed Grinder
  4570 | D:6      | Paralysed by Grinder for 3 turns
  4580 | D:6      | Killed Grinder
  4584 | D:6      | Killed Sigmund
  4900 | D:6      | Reached skill level 9 in Maces & Flails
  5408 | D:7      | Reached XP level 9. HP: 77/79 MP: 8/8
  5675 | D:7      | Reached skill level 10 in Maces & Flails
  5713 | D:7      | Found a burning altar of Makhleb.
  5713 | D:7      | Found a radiant altar of Vehumet.
  5737 | D:7      | Reached ** piety under Trog
  6086 | D:7      | Found a snail-covered altar of Cheibriados.
  6086 | D:7      | Found a shadowy altar of Dithmenos.
  6254 | D:8      | Upgraded the game from 0.30.1-9-gdf580d7c3d to
                  | 0.30.1-10-g1249ef9ec4
  6329 | D:8      | Reached skill level 11 in Maces & Flails
  7040 | D:8      | Identified the +5 shortbow of Autumn {heavy, Dex+2}
  7159 | D:8      | Noticed a two-headed ogre
  7172 | D:8      | Killed a two-headed ogre
  7173 | D:8      | Reached skill level 12 in Maces & Flails
  7173 | D:8      | Reached XP level 10. HP: 55/91 MP: 9/9
  7782 | D:9      | Found a blossoming altar of Fedhas.
  7938 | D:9      | Found a staircase to the Orcish Mines.
  7955 | D:9      | Noticed a two-headed ogre
  7967 | D:9      | Killed a two-headed ogre
  7968 | D:9      | Reached skill level 13 in Maces & Flails
  7980 | D:9      | Reached skill level 10 in Fighting
  8182 | D:9      | Found a shimmering altar of Xom.
  8184 | D:9      | Found a shimmering altar of Xom.
  8184 | D:9      | Found a shimmering altar of Xom.
  8186 | D:9      | Found a shimmering altar of Xom.
  8240 | D:9      | Noticed Erica
  8259 | D:9      | Killed Erica
  8493 | D:9      | Reached skill level 14 in Maces & Flails
  8545 | D:9      | Found a shimmering altar of Xom.
  8545 | D:9      | Noticed a black mamba
  8549 | D:9      | a black mamba changed into a rime drake
  8855 | D:10     | Entered Level 10 of the Dungeon
  8991 | D:10     | Noticed an elephant
  9095 | D:10     | Killed an elephant
  9204 | D:10     | Noticed a two-headed ogre
  9214 | D:10     | Killed a two-headed ogre
  9215 | D:10     | Reached XP level 11. HP: 79/105 MP: 10/10
  9602 | D:10     | Noticed a two-headed ogre
  9630 | D:10     | Killed a two-headed ogre
  9631 | D:10     | Reached skill level 1 in Dodging
  9911 | D:10     | Found a staircase to the Lair.
 10190 | D:10     | Reached *** piety under Trog
 10317 | Lair:1   | Entered Level 1 of the Lair of Beasts
 10462 | Lair:1   | Identified the +5 long sword of Zin {heavy, Will+ Int+3}
 10529 | Lair:1   | Reached skill level 5 in Armour
 10713 | Lair:1   | Reached skill level 5 in Shields
 11188 | Lair:1   | Noticed a six-headed hydra
 11203 | Lair:1   | Killed a six-headed hydra
 11390 | Lair:1   | Noticed a fire crab
 11400 | Lair:1   | HP: 5/106 [something] (12)]
 11406 | Lair:1   | Engulfed by a fire crab's flame

Illustrated notes

Levels and vault maps discovered:
D:1:      dpeg_arrival_arbitrary_c, layout_loops_ring, minmay_misc_feat_columns,
          grunt_decor_mini_mirrors, serial_bayou_pond_d, chequers_mini_garden
D:2:      layout_basic, ebering_ecumenical_altar_webs, minivault_25
D:3:      minmay_skewed_foursquare, layout_loops_ring,
          mainiacjoe_overflow_two_lobes, old_standard_altar,
          lemuel_coloured_pillars_altar, serial_shops, shop,
          kennysheep_generic_room_6, uniq_natasha
D:4:      layout_loops_ring, minmay_temple_entry_junction, uniq_ijyb
D:5:      layout_rooms, lemuel_doored_altar, mainiacjoe_overflow_chevrons,
          ebering_ghost_sewer_d, serial_shops, nicolae_shop_crystal,
          kennysheep_minor_cross, nicolae_inconvenience_store
D:6:      cheibrodos_helix_gallery, layout_cave_pools, uniq_sigmund,
          uniq_grinder
D:7:      layout_rooms, grunt_temple_overflow_lords_of_destruction,
          gammafunk_temple_overflow_wave, minmay_chambers_of_fives
D:8:      layout_gridville
D:9:      layout_basic, xom_shifter_show, mainiacjoe_overflow_boulevard,
          minmay_orc_entry_temple_small, uniq_erica
D:10:     layout_long_grid, david_lair_generic
Lair:1:   layout_regular_city, nicolae_lair_lakeside_cave

Skill      XL: |  1  2  3  4  5  6  7  8  9 10 11 |
---------------+----------------------------------+-----
Maces & Flails | 3 4 5 6 8 9 12 14 | 14.0
Fighting       | 4 5 6 7 9 12 | 12.8
Ranged Weapons | 1 2 3 4 6 7 8 |  8.0
Armour         | 6 |  6.6
Dodging        | 3 |  3.2
Shields        | 6 |  6.5

Action                     |  1- 3 |  4- 6 |  7- 9 | 10-12 || total
---------------------------+-------+-------+-------+-------++-------
  Melee: Flail             |    69 |    80 |   263 |   238 ||   650
         Headbutt          |     6 |    12 |    40 |    55 ||   113
   Fire: Sling             |    23 |    60 |    85 |   100 ||   268
 Invoke: Berserk           |       |       |     5 |     1 ||     6
         Trog's Hand       |       |       |       |     1 ||     1
    Use: Potion            |     1 |       |     1 |     1 ||     3
         Scroll            |       |       |     9 |       ||     9
 Armour: Scale mail        |    34 |    47 |    34 |       ||   115
         Chain mail        |       |       |   109 |    26 ||   135
         Skin              |       |       |    88 |       ||    88
         Plate armour      |       |       |       |    52 ||    52
  Dodge: Dodged            |    36 |    48 |   127 |    95 ||   306
  Block: Buckler           |    12 |    15 |    84 |    57 ||   168
